 Dungeon Crawl Stone Soup version 0.29.0-15-g675c0067aa (webtiles) character file.

Game seed: 17586356691280347874

0 qw the Sneak (level 1, -1/14 HPs)
             Began as a Gargoyle Delver on Sept 11, 2022.
             Slain by an ufetubus (2 damage)
             ... on level 5 of the Dungeon.
             The game lasted 00:00:01 (30 turns).

qw the Sneak (Gargoyle Delver)                        Turns: 30, Time: 00:00:01

Health: -1/14      AC:  5    Str: 15    XL:     1   Next: 0%
Magic:  1/1        EV: 11    Int: 10    God:
Gold:   0          SH:  0    Dex: 11    Spells: 0/0 levels left

rFire   . . .      SeeInvis .   a - +0 hand axe
rCold   . . .      Faith    .   (no shield)
rNeg    + . .      Spirit   .   b - +0 leather armour
rPois   inf        Reflect  .   (no helmet)
rElec   +          Harm     .   (no cloak)
rCorr   .          Rampage  .   (no gloves)
Will    .....                   (no boots)
Stlth   +++.......              (no amulet)
HPRegen 0.04/turn               (no ring)
MPRegen 0.07/turn               (no ring)

@: no status effects
A: sickness immunity, AC +2, negative energy resistance 1, electricity
resistance, torment resistance 1, petrification resistance
a: no special abilities


You were on level 5 of the Dungeon.
You visited 1 branch of the dungeon, and saw 1 of its levels.


Innate Abilities, Weirdness & Mutations

You are immune to sickness and miasma.
Your stone body is resilient. (AC +2)
You are immune to poison.
You resist negative energy. (rN+)
You are resistant to electric shocks. (rElec)
You are resistant to unholy torment.
You are immune to petrification.


   Skills:
 - Level 3.2 Fighting
 + Level 1.7 Axes
 - Level 1.5 Dodging
 - Level 5.4 Stealth


You couldn't memorise any spells.
You didn't know any spells.
Your spell library was empty.

Inventory:

Hand Weapons
 a - a +0 hand axe (weapon)
Missiles
 h - 5 boomerangs of dispersal (quivered)
Armour
 b - a +0 leather armour (worn)
Wands
 g - a wand of digging (3)
Scrolls
 c - a scroll of fog
 d - a scroll of magic mapping
 e - a scroll of fear
Potions
 f - a potion of haste

Dungeon Overview and Level Annotations

Branches:
Dungeon (5/15)
 Temple: D:4-7

Altars:


Message History

Assign waypoint to what number? (0-9) Waypoint 2 assigned to D:5.
0 ||| PLANNING D:1-11
Found a dagger.
h - 5 boomerangs of dispersal You see here a scroll of fear.
Found a spear.
Enter note: A gnoll comes into view. It is wielding a +0 halberd.
A gnoll comes into view. It is wielding a +0 flail.
An ufetubus comes into view.
The gnoll shouts!
The ufetubus shouts!
A gnoll comes into view. It is wielding a +0 whip.
The gnoll misses you.
You barely miss the gnoll. You barely miss the ufetubus.
The ufetubus hits you. x2; The ufetubus completely misses you.
The ufetubus hits you. The gnoll barely misses you.
The gnoll shouts! x2
You hit the gnoll but do no damage. You hit the ufetubus.
The ufetubus hits you but does no damage. x2
The gnoll hits you with a +0 halberd.
The ufetubus hits you but does no damage.
The ufetubus barely misses you.
You hit the ufetubus.
The ufetubus is almost dead.
You hit the gnoll. The ufetubus barely misses you.
The ufetubus hits you but does no damage.
The gnoll closely misses you.
You closely miss the ufetubus.
The ufetubus is almost dead.
You hit the gnoll. The ufetubus barely misses you. The ufetubus hits you.
The gnoll barely misses you. The ufetubus hits you.
The ufetubus closely misses you.
You barely miss the ufetubus.
The ufetubus is almost dead.
You hit the gnoll. You barely miss the gnoll. x2
The ufetubus barely misses you. The ufetubus hits you.
You die...

..# .. ..#
##..# #.
#...##...
####.#).....
#..gg5.#....
#...@g...##.
#......$....
#.?....####. .
#......# ####..
#......##......
#..............
#.......#......
#........####
######.....#


You could see 3 gnolls and an ufetubus.

Vanquished Creatures (others)
  A withered plant (D:5)
1 creature vanquished.

Notes
Turn   | Place    | Note
-------+----------+-------------------------------------------
     0 | D:5      | qw the Gargoyle Delver began the quest for the Orb.
     0 | D:5      | Reached XP level 1. HP: 14/14 MP: 1/1
     0 | D:5      | 0 ||| qw: Version: 0.1-a-118-gb4e7ce6
     0 | D:5      | 0 ||| qw: Game counter: 10455
     0 | D:5      | 0 ||| qw: Always use a shield: true
     0 | D:5      | 0 ||| qw: God list: Okawaru
     0 | D:5      | 0 ||| qw: Allow faded altars: false
     0 | D:5      | 0 ||| qw: Do Orc after D:15 true
     0 | D:5      | 0 ||| qw: Do second Lair branch before Depths: true
     0 | D:5      | 0 ||| qw: Lair rune preference: random
     0 | D:5      | 0 ||| qw: Plans: Normal
     0 | D:5      | 0 ||| PLANNING D:1-11
    29 | D:5      | HP: 3/14 [ufetubus (1)]
    29 | D:5      | HP: 1/14 [ufetubus (2)]
    30 | D:5      | Slain by an ufetubus

Levels and vault maps discovered:
D:5:      layout_rooms, kiku_gazebo_garden_becter, nicolae_underground_beach

Action                   || total
-------------------------++-------
Melee: Hand axe          ||     5
Armor: Leather armour    ||     4
Dodge: Dodged            ||    10

Table legend:
 A = Non-vault XP
 B = Vault XP
 C = Vault XP percentage of total XP
 D = Non-vault monster count
 E = Vault monster count
 F = Vault count percentage of total count
                 A         B        C        D         E       F
            +---------+---------+-------+---------+---------+-------
      Total |       0 |       0 |   N/A |       0 |       0 |  -nan
            +---------+---------+-------+---------+---------+-------
            +---------+---------+-------+---------+---------+-------
